 Dungeon Crawl Stone Soup version 0.26-a0-612-gd4d190f45e (webtiles) character file.

Game seed: 1250185157784430204

47 Hores the Digger (level 3, 0/19 HPs)
             Began as a Gargoyle Earth Elementalist on Sept 10, 2020.
             Slain by Terence
             ... wielding a +3 vorpal flail
              (8 damage)
             ... on level 2 of the Dungeon.
             The game lasted 00:03:46 (1411 turns).

Hores the Digger (Gargoyle Earth Elementalist)      Turns: 1411, Time: 00:03:47

Health: 0/19       AC:  5    Str: 11    XL:     3   Next: 70%
Magic:  1/7        EV: 12    Int: 16    God:
Gold:   23         SH:  0    Dex: 10    Spells: 3/7 levels left

rFire    . . .     SeeInvis .   d - +0 short sword
rCold    . . .     Faith    .   (no shield)
rNeg     + . .     Spirit   .   c - +0 robe
rPois    ∞         Reflect  .   (no helmet)
rElec    +         Harm     .   (no cloak)
rCorr    .                      (no gloves)
MR       .....                  (no boots)
Stlth    ++........             (no amulet)
HPRegen  0.06/turn              (no ring)
MPRegen  0.10/turn              (no ring)

@: no status effects
A: negative energy resistance 1, electricity resistance, unbreathing,
petrification resistance, rot immunity, AC +3
a: no special abilities


You were on level 2 of the Dungeon.
You visited 1 branch of the dungeon, and saw 2 of its levels.

You collected 23 gold pieces.

Inventory:

Hand Weapons
 d - a +0 short sword (weapon)
Missiles
 b - 40 stones (quivered)
Armour
 c - a +0 robe (worn)
Scrolls
 h - a scroll of remove curse
Potions
 a - a potion of heal wounds
 j - a potion of berserk rage {unknown}
 k - a potion of lignification {unknown}


   Skills:
 - Level 1.5 Dodging
 - Level 2.1 Stealth
 + Level 2.8 Spellcasting
 + Level 0.8 Conjurations
   Level 0.7 Transmutations
 + Level 4.6 Earth Magic


You had 3 spell levels left.
You knew the following spells:

 Your Spells              Type           Power        Failure   Level
a - Sandblast             Erth           ###...       3%          1
b - Stone Arrow           Conj/Erth      ##....       19%         3

Your spell library contained the following spells:

 Spells                   Type           Power        Failure   Level
 Passwall                 Tmut/Erth      ##......     10%         2
 Petrify                  Tmut/Erth      ##......     54%         4
 Lee's Rapid Deconstruct  Erth           ###.......   63%         5


Dungeon Overview and Level Annotations

Branches:
Dungeon (2/15)

Altars:

Annotations:
D:2 Terence


Innate Abilities, Weirdness & Mutations

You are resistant to torment.
Your stone body is resilient. (AC +3)
You are immune to poison.
You resist negative energy. (rN+)
You are resistant to electric shocks. (rElec)
You can survive without breathing.
You are immune to petrification.
You are immune to rotting.


Message History

b - 42 stones The leopard gecko bites you but does no damage.
Casting: Sandblast (safe; 3% risk of failure)
Confirm with . or Enter, or press ? or * to list all spells.
Aiming: Sandblast (safe; 3% risk of failure)
Press: ? - help, Shift-Dir - straight line, f/p - Terence
Aim: Terence, wielding a +3 vorpal flail and wearing a +0 scale mail (heavily wounded)
The blast of sand hits the leopard gecko.
You kill the leopard gecko!
b - 41 stones
Casting: Sandblast (safe; 3% risk of failure)
Confirm with . or Enter, or press ? or * to list all spells.
Aiming: Sandblast (safe; 3% risk of failure)
Press: ? - help, Shift-Dir - straight line, f/p - Terence
Aim: Terence, wielding a +3 vorpal flail and wearing a +0 scale mail (heavily wounded)
The blast of sand hits Terence.
Terence is severely wounded.
b - 40 stones Terence hits you with a +3 vorpal flail!
You die...

### ..# ######## #.# ...
... #.# # #.#
#.###.####### ## #.
#@####........≈.P.
...#.##@#..........≈≈♣≈.
..........###.......P≈≈.
..........##...#.#.....)
........§..§.....#......
.......§§§§......#......
.......§§§§>.....#......
.......§§§§#.....#......
.....##.§§§....#.#......


You could see Terence.

Vanquished Creatures
  An ooze (D:1)
  A worm (D:2)
  3 dart slugs
  2 leopard geckos
  3 giant cockroaches (D:1)
  4 goblins
  2 hobgoblins (D:1)
  A ball python (D:1)
  4 bats
  3 frilled lizards (D:1)
  2 kobolds (D:1)
  9 rats
35 creatures vanquished.

Notes
Turn   | Place    | Note
-------+----------+-------------------------------------------
     0 | D:1      | Hores the Gargoyle Earth Elementalist began the quest for
                  | the Orb.
     0 | D:1      | Reached XP level 1. HP: 10/10 MP: 3/3
   235 | D:1      | Reached skill level 4 in Earth Magic
   235 | D:1      | Reached XP level 2. HP: 15/15 MP: 1/5
   470 | D:1      | You fall into a shaft and drop 1 floor!
   490 | D:2      | Reached XP level 3. HP: 19/19 MP: 4/6
   506 | D:2      | Learned a level 3 spell: Stone Arrow
   539 | D:2      | Noticed Terence
  1411 | D:2      | Slain by Terence

Illustrated notes

Levels and vault maps discovered:
D:1:      dpeg_arrival_ratfight, layout_basic
D:2:      layout_basic, grunt_temple_overflow_holy_war, serial_bayou_pond_e,
          uniq_jessica, uniq_terence, uniq_crazy_yiuf_cottage

Skill      XL: |  1 |
---------------+----+-----
Earth Magic    | 4 |  4.6
Dodging        | |  1.5
Stealth        | |  2.1
Spellcasting   | |  2.8
Conjurations   | |  0.8
Transmutations | |  0.7

Action                   || total
-------------------------++-------
Melee: Short sword       ||    82
       Mace              ||    13
 Cast: Sandblast         ||    29
  Use: Scroll            ||     6
 Stab: Sleeping          ||     1
Armor: Robe              ||    36
Dodge: Dodged            ||    77

Table legend: (Time is in decaauts)
 A = Elapsed time spent in this place.
 B = Non-inter-level travel time spent in this place.
 C = Inter-level travel time spent in this place.
 D = Time resting spent in this place.
 E = Time spent auto-exploring this place.
 F = Levels seen in this place.
 G = Mean time per level.
                   A        B        C        D        E       F      G
               +--------+--------+--------+--------+--------+-----+--------+
         Total |   1423 |   1399 |     24 |    165 |    910 |   2 |  711.5 |
       Dungeon |   1423 |   1399 |     24 |    165 |    910 |   2 |  711.5 |
               +--------+--------+--------+--------+--------+-----+--------+

Top non-repeatable levels by time:
     D:1: 1329 daAuts
     D:2: 94 daAuts
